 Dungeon Crawl Stone Soup version 0.17-a0-1718-g72dbe4d (webtiles) character file.

3740 Oddball22 the Frost Mage (level 9, -5/74 HPs)
             Began as a Black Draconian Transmuter on Aug 26, 2015.
             Slain by a hell rat (9 damage)
             ... on level 7 of the Dungeon.
             The game lasted 00:41:23 (10840 turns).

Oddball22 the Frost Mage (DrTm)                    Turns: 10840, Time: 00:41:26

Health: -5/74      AC:  2    Str: 12    XL:     9   Next: 93%
Magic:  18/22      EV: 19    Int: 14    God:    Xom [...*..]
Gold:   893        SH:  0    Dex: 20    Spells: 4 memorised, 4 levels left

rFire  . . .     SeeInvis .       - Unarmed
rCold  . . .     Clarity  .     (armour unavailable)
rNeg   . . .     SustAt   .     (shield currently unavailable)
rPois  x         Gourm    .     (helmet currently unavailable)
rElec  .         Spirit   .     (cloak currently unavailable)
rCorr  .         Warding  .     (gloves currently unavailable)
rMut   .         Stasis   .     (boots currently unavailable)
MR     .....                    (no amulet)
Stlth  ++........               (no ring)
                                B - ring of magical power

@: spider-form (expiring), very slightly contaminated, drained, not resistant to
hostile enchantments, unstealthy
A: (breathe lightning), unfitting armour, (electricity resistance),
(cold-blooded), AC +7
a: End Transformation, Renounce Religion


You were on level 7 of the Dungeon.
You worshipped Xom.
You were a favourite toy of Xom.
You were not hungry.
You were a venomous arachnid creature.
You visited 2 branches of the dungeon, and saw 9 of its levels.
You also visited: Ossuary.

You collected 893 gold pieces.

Inventory:

Hand weapons
 p - a +4 quarterstaff of chaos (melded)
Missiles
 a - 58 arrows
Armour
 i - a +0 pair of gloves (melded)
 v - a +0 cloak (melded)
Jewellery
 B - a ring of magical power (left front leg)
Magical devices
 z - a wand of digging (8)
 E - a wand of confusion (23)
Scrolls
 d - a scroll of recharging {unknown}
 g - a scroll of blinking {unknown}
 h - 5 scrolls of identify {unknown}
 j - 6 scrolls of teleportation
 o - 2 scrolls of fog {unknown}
 q - a scroll of random uselessness {unknown}
 u - 4 scrolls of enchant armour {unknown}
 x - a scroll of magic mapping {unknown}
 C - 2 scrolls of remove curse {unknown}
Potions
 e - 2 potions of heal wounds {unknown}
 k - 2 potions of brilliance {unknown}
 l - 2 potions of agility {unknown}
 m - a potion of magic {unknown}
 n - 2 potions of degeneration {unknown}
 r - 2 potions of might {unknown}
 s - 2 potions of invisibility {unknown}
 A - a potion of resistance {unknown}
 D - a potion of curing
 G - a potion of lignification {unknown}
 H - a potion of poison {unknown}
Books
 b - a book of Changes

   Spells                             Type                      Level
   a - Beastly Appendage              Transmutation                1
   b - Sticks to Snakes               Transmutation                2
   c - Spider Form                    Transmutation/Poison         3
   d - Ice Form                       Ice/Transmutation            4
   e - Blade Hands                    Transmutation                5
 t - a book of Minor Magic

   Spells                             Type                      Level
   a - Magic Dart                     Conjuration                  1
   b - Blink                          Translocation                2
   c - Call Imp                       Summoning                    2
   d - Repel Missiles                 Charms/Air                   2
   e - Slow                           Hexes                        2
   f - Conjure Flame                  Conjuration/Fire             3
   g - Mephitic Cloud                 Conjuration/Poison/Air       3
 w - a book of Fire

   Spells                             Type                      Level
   a - Ignite Poison                  Fire/Transmutation/Poison    3
   b - Fireball                       Conjuration/Fire             5
   c - Bolt of Fire                   Conjuration/Fire             6
   d - Delayed Fireball               Conjuration/Fire             7
   e - Ring of Flames                 Charms/Fire                  7
 y - a book of Dreams

   Spells                             Type                      Level
   a - Ensorcelled Hibernation        Hexes/Ice                    2
   b - Phase Shift                    Translocation                5
   c - Shadow Creatures               Summoning                    5
   d - Silence                        Hexes/Air                    5
   e - Darkness                       Hexes                        6
   f - Mass Confusion                 Hexes                        6
Comestibles
 c - 5 bread rations
 f - 3 meat rations
 F - 2 slices of pizza
 I - a chunk of flesh


   Skills:
 - Level 5.2(4.5) Fighting
 - Level 1.7(1.1) Dodging
 - Level 7.5(6.8) Unarmed Combat
 - Level 3.0(2.4) Spellcasting
 - Level 4.5(3.9) Transmutations
 + Level 9.2(8.5) Ice Magic
 - Level 4.6(4.0) Poison Magic


You had 4 spell levels left.
You knew the following spells:

 Your Spells              Type           Power        Failure   Level  Hunger
a - Beastly Appendage     Trmt           ##....       14%         1    #......
b - Sticks to Snakes      Trmt           ##........   24%         2    ###....
c - Spider Form           Trmt/Pois      ##........   32%         3    ###....
d - Ice Form              Ice/Trmt       ###.....     41%         4    #####..


Dungeon Overview and Level Annotations

Branches:
Dungeon (8/15)             Temple (1/1) D:6            Lair (0/8) D:8

Altars:
Ashenzari
Cheibriados
Dithmenos
Elyvilon
Fedhas
Gozag
Kikubaaqudgha
Makhleb
Nemelex Xobeh
Okawaru
Qazlal
Ru
Sif Muna
Trog
Xom
Yredelemnul
Zin
The Shining One

Shops:
D:6 [


Innate Abilities, Weirdness & Mutations

((You can breathe wild blasts of lightning.))
((Your glossy black scales are hard (AC +7).))
Your body does not fit into most forms of armour.
((You are resistant to electric shocks.))
((You are cold-blooded and may be slowed by cold attacks.))


Message History

Your transformation is almost over. "See what I see, my child!"
You feel aware of your surroundings. The hell rat barely misses you.
The crimson imp blinks!
The gnoll closely misses you.
You climb upwards.
There is a stone staircase leading down here.
You barely miss the hell rat. The hell rat closely misses you.
You hit the hell rat.
The hell rat is lightly wounded.
The hell rat misses you.
You hit the hell rat.
The hell rat is poisoned.
The hell rat is moderately wounded.
The hell rat completely misses you.
You barely miss the hell rat.
The hell rat is moderately wounded.
The hell rat bites you!!
* * * LOW HITPOINT WARNING * * *
Xom thinks this is hilarious!
The hell rat bites you!
You die...

#.##.##..#.⌠.#..##.....#.#
#.##.##.#.#.#.#.##....##.######
#.##.###.⌠.#.⌠.###.............
###.##.# ##.....##
#.##.##.###### #...##.#
##''÷#####....##.#
###.##.#####.........#####.#
#.##.......#..<....# #.#
#.###########r.[>..#####.######
#..(..........s.............[..
########################.######
#.# # #.# # #.# # #.# # #.# #
#.# # #.######


You could see a hell rat.

Vanquished Creatures
  A death yak (D:8)
  Pikel (D:7)
  A spriggan (D:7)
  Sigmund (D:5)
  2 yaks (D:8)
  The ghost of Oddball22 the Ruffian, an average DrTm (D:4)
  An ice beast (D:7)
  2 phantoms
  4 ogres
  A slave (D:7)
  An elf zombie (Ossuary)
  A giant frog (D:6)
  5 scorpions
  2 vampire bats (D:7)
  3 crimson imps
  2 orc priests
  3 orc wizards
  Crazy Yiuf (D:3)
  A giant frog skeleton (D:7)
  A human zombie (Ossuary)
  A centaur skeleton (D:7)
  2 jellies
  Terence (D:2)
  2 hounds
  2 iguanas
  4 worker ants
  A big kobold zombie (Ossuary)
  2 hound zombies
  A hound skeleton (D:4)
  2 mummies (Ossuary)
  8 gnolls
  4 adders
  A shadow imp (D:6)
  2 adder skeletons (D:4)
  8 worms
  6 giant geckos
  18 orcs
  A ball python (D:3)
  2 bat skeletons (D:7)
  4 bat zombies (D:7)
  5 giant cockroaches
  4 goblins
  10 hobgoblins
  2 jackals (D:7)
  11 kobolds
  5 quokkas
  7 bats
  A giant gecko skeleton (D:5)
  A giant gecko zombie (D:5)
  5 giant newts
  4 gnoll zombies (Ossuary)
  3 goblin zombies (Ossuary)
  2 hobgoblin zombies (Ossuary)
  2 orc zombies (Ossuary)
  10 rats
  A fungus (D:3)
  2 plants (D:1)
182 creatures vanquished.

Vanquished Creatures (collateral kills)
  A porcupine (D:8)
  A hell rat (D:8)
  A gnoll (D:8)
3 creatures vanquished.

Grand Total: 185 creatures vanquished

Notes
Turn   | Place    | Note
--------------------------------------------------------------
     0 | D:1      | Oddball22 the Draconian Transmuter began the quest for the Orb.
     0 | D:1      | Reached XP level 1. HP: 16/16 MP: 3/3
   416 | D:1      | Reached XP level 2. HP: 23/23 MP: 3/5
   465 | D:1      | Learned a level 2 spell: Sticks to Snakes
  1034 | D:2      | Noticed Terence
  1070 | D:2      | Killed Terence
  1070 | D:2      | Reached XP level 3. HP: 13/28 MP: 0/6
  1427 | D:2      | Learned a level 3 spell: Spider Form
  1457 | D:2      | Found a white marble altar of Elyvilon.
  1701 | D:2      | Found a deep blue altar of Sif Muna.
  1771 | D:2      | Reached skill level 1 in Poison Magic
  2109 | D:2      | Reached XP level 4. HP: 33/35 MP: 5/7
  2275 | D:2      | Found an iron altar of Okawaru.
  2866 | D:3      | Reached XP level 5. HP: 33/40 MP: 4/8
  3099 | D:3      | Noticed a moth of wrath
  3102 | D:3      | Found a bloodstained altar of Trog.
  3683 | D:3      | Reached skill level 4 in Poison Magic
  4010 | D:3      | Noticed Crazy Yiuf
  4021 | D:3      | Killed Crazy Yiuf
  4173 | D:3      | Found a blossoming altar of Fedhas.
  4397 | D:4      | Reached XP level 6. HP: 47/47 MP: 8/10
  4401 | D:4      | Noticed Oddball22's ghost (average DrTm)
  4403 | D:4      | Learned a level 4 spell: Ice Form
  4416 | D:4      | Killed Oddball22's ghost
  4489 | D:4      | Noticed an ogre
  4499 | D:4      | Killed an ogre
  4587 | D:4      | Reached skill level 1 in Ice Magic
  4970 | D:4      | Noticed a phantom
  5039 | D:4      | Your scales start taking on a glossy black colour.
  5039 | D:4      | Gained mutation: You are resistant to electric shocks. [Black Draconian growth]
  5039 | D:4      | Reached XP level 7. HP: 37/53 MP: 7/11
  5935 | D:4      | Killed a phantom
  6002 | D:5      | Entered Level 5 of the Dungeon
  6785 | D:5      | Reached skill level 5 in Unarmed Combat
  6831 | D:5      | Reached XP level 8. HP: 26/63 MP: 12/12
  7080 | D:5      | Noticed Sigmund
  7115 | D:5      | Killed Sigmund
  7115 | D:5      | Reached skill level 6 in Unarmed Combat
  7663 | D:6      | Found a sand-covered staircase.
  7676 | Ossuary  | Entered an ossuary
  8017 | D:6      | Reached skill level 7 in Unarmed Combat
  8239 | D:6      | Found Inigid's Antique Armour Emporium.
  8384 | D:6      | Found a staircase to the Ecumenical Temple.
  8391 | Temple   | Entered the Ecumenical Temple
  8511 | Temple   | Became a worshipper of Xom of Chaos
  9264 | D:7      | Reached skill level 5 in Fighting
  9264 | D:7      | Reached XP level 9. HP: 58/74 MP: 13/13
  9427 | D:7      | XOM: cast spell 'Olgreb's Toxic Radiance'
  9473 | D:7      | XOM: harmless Divn miscast
  9583 | D:7      | XOM: harmless Trmt miscast
  9667 | D:7      | XOM: enchant monster (good)
  9669 | D:7      | Reached skill level 5 in Ice Magic
  9832 | D:7      | Noticed Pikel
  9847 | D:7      | XOM: confuse monster(s)
  9849 | D:7      | Killed Pikel
 10143 | D:7      | Found a shadowy altar of Dithmenos.
 10179 | D:7      | XOM is BORED!
 10179 | D:7      | XOM: medium Air miscast
 10266 | D:7      | Found an ancient bone altar of Kikubaaqudgha.
 10353 | D:8      | XOM: enchant monster (good)
 10464 | D:8      | Noticed a death yak
 10468 | D:8      | XOM: cast spell 'Summon Hydra'
 10473 | D:8      | Reached skill level 8 in Ice Magic
 10493 | D:8      | Found a staircase to the Lair.
 10498 | D:8      | Killed a death yak
 10498 | D:8      | Reached skill level 9 in Ice Magic
 10569 | D:7      | XOM: god gift: 50 gold pieces
 10817 | D:8      | XOM: confuse monster(s)
 10835 | D:8      | XOM: divination: magic mapping
 10840 | D:7      | Slain by a hell rat

Vault maps used:
D:1:      dpeg_arrival_round_b, serial_bayou_lagoon_a, feat_on_display
D:2:      elyvilon_altar_1, okawaru_altar_gauntlet_db, lemuel_crystal_altar,
          uniq_terence
D:3:      tgw_trog, fedhas_altar_4, uniq_crazy_yiuf_cottage
D:5:      first_bread, kennysheep_small_circle, uniq_sigmund
D:6:      minmay_temple_entry_nine_rooms, serial_shops, nicolae_shop_crystal,
          nicolae_ossuary_entry_monument, kennysheep_cluttered_room
D:7:      kennysheep_vampire_church, nicolae_dithmenos_through_a_glass_darkly,
          the_bakery, uniq_pikel
D:8:      kennysheep_mini, dpeg_lair_monsters, david_defended_altar_orc
Temple:   circular_temple_12
Ossuary:  minmay_ossuary_gauntlet

Action                   |  1- 3 |  4- 6 |  7- 9 || total
-------------------------+-------+-------+-------++-------
Melee: Unarmed           |   299 |   242 |   139 ||   680
       Quarterstaff      |       |       |   269 ||   269
 Cast: Beastly Appendage |    23 |    23 |    22 ||    68
       Sticks to Snakes  |     3 |     7 |       ||    10
       Spider Form       |       |     9 |     9 ||    18
 Abil: Breathe Lightning |       |       |     5 ||     5
  Use: Potion            |       |     1 |     3 ||     4
       Scroll            |       |     1 |       ||     1
 Stab: Distracted        |       |     1 |       ||     1
       Sleeping          |       |     1 |       ||     1
       Petrifying        |       |       |     2 ||     2
       Paralysed         |       |       |     2 ||     2
       Confused          |       |       |     1 ||     1
  Eat: Chunk             |     5 |    11 |    10 ||    26
       Bread ration      |       |       |     2 ||     2
       Beef jerky        |       |       |     2 ||     2
       Pizza             |       |       |     1 ||     1
